 Dungeon Crawl Stone Soup version 0.31-a0-4-gefa6de2278 (webtiles) character file.

Game seed: 3669461494949574962

151 Raftile the Charlatan (level 5, -9/41 HPs)
             Began as a Meteoran Artificer on May 4, 2023.
             Mangled by a small abomination (14 damage)
             ... on level 4 of the Dungeon.
             The game lasted 00:26:32 (1472 turns).

Raftile the Charlatan (Meteoran Artificer)          Turns: 1472, Time: 00:26:32

Health: -9/41      AC:  6    Str: 13    XL:     5   Next: 90%
Magic:  6/6        EV: 10    Int: 13    God:
Gold:   72         SH:  3    Dex: 16    Spells: 4/4 levels left

rFire   . . .        h - +2 mace (protect)
rCold   . . .        y - +0 buckler
rNeg    . . .        k - +0 ring mail
rPois   .            l - +0 helmet
rElec   .            (no cloak)
rCorr   .            (no gloves)
SInv    .            (no boots)
Will    .....        (no amulet)
Stlth   +            (no ring)
HPRegen 0.26/turn    (no ring)
MPRegen 0.10/turn

%: no passive effects
@: glowing
A: sense surroundings 1, otherworldly, glowing, explore regen
a: no special abilities


You were on level 4 of the Dungeon.
You visited 1 branch of the dungeon, and saw 4 of its levels.

You collected 72 gold pieces.

Inventory:

Hand Weapons
 a - a +0 club
 g - a +0 dagger
 h - a +2 mace of protection (weapon)
 j - a +0 dagger
 n - a +0 sling
 r - a +0 spear
Missiles
 i - 11 stones
 w - 3 poisoned darts
Armour
 b - a +0 leather armour
 k - a +0 ring mail (worn)
 l - a +0 helmet (worn)
 y - a +0 buckler (worn)
 z - an orb of light
Wands
 c - a wand of flame (9) (quivered)
 d - a wand of charming (7)
 e - a wand of iceblast (2)
Scrolls
 f - 2 scrolls of enchant armour {unknown}
 m - 2 scrolls of fear {unknown}
 q - a scroll of magic mapping {unknown}
 s - 5 scrolls of identify {unknown}
 v - 2 scrolls of immolation {unknown}
 x - a scroll of noise {unknown}
Potions
 o - 3 potions of curing {unknown}
 p - a potion of heal wounds {unknown}
 t - a potion of ambrosia {unknown}
 u - a potion of degeneration {unknown}


   Skills:
 + Level 1.7 Fighting
 + Level 3.0 Maces & Flails
 + Level 3.2 Armour
 + Level 2.1 Dodging
 - Level 0.6 Stealth
 * Level 5.3 Evocations


You had 4 spell levels left.
You didn't know any spells.
Your spell library contained the following spells:

 Spells                   Type           Power      Damage    Failure   Level
 Sting                    Tmut/Pois      0%         1d3       65%         1
 Poisonous Vapours        Pois/Air       0%         N/A       80%         2
 Olgreb's Toxic Radiance  Pois           0%         N/A       100%        4


Dungeon Overview and Level Annotations

Branches:
Dungeon (4/15) Zot: 869
 Temple: D:4-7

Altars:
Fedhas
Kikubaaqudgha
Trog

Portals:
Abyss: D:4

Annotations:
D:4 1 transporter, Shavain's ghost, novice HOFi


Innate Abilities, Weirdness & Mutations

You passively map a small area around you.
You are easily found by Zot.
You glow in the dark.
You regain HP and MP as you explore.


Message History

Found 11 gold pieces.
You now have 58 gold pieces (gained 11).
Found a stone staircase leading up.
Found 14 gold pieces.
You now have 72 gold pieces (gained 14).
There is a transporter here.
You enter the transporter and appear at another place.
A kobold comes into view. It is wielding a +1 whip of distortion.
The kobold shouts!
Press: ? - help, . - travel You can't see that place. [a rock wall.]
The small abomination hits you.
Aiming: Charm
Press: ? - help, Q - select action, (/) - cycle Shift-Dir - straight line, f - small abomination
Aim: a small abomination (chance to affect: 45%)
The small abomination resists with some effort.
The small abomination hits you!
The kobold hits you with a +1 whip of distortion.
Space warps around you.
Aiming: Charm
Press: ? - help, Q - select action, (/) - cycle Shift-Dir - straight line, f - kobold, p - small abomination
Aim: a kobold, wielding a +1 whip of distortion (chance to affect: 78%)
The kobold barely resists.
The kobold barely misses you. The small abomination hits you!
Aiming: Charm
Press: ? - help, Q - select action, (/) - cycle Shift-Dir - straight line, f/p - kobold
Aim: a kobold, wielding a +1 whip of distortion (chance to affect: 78%)
The kobold is charmed.
The small abomination hits your kobold.
Your kobold dies!
The small abomination barely misses you.
Aiming: Charm
Press: ? - help, Q - select action, (/) - cycle Shift-Dir - straight line, f - small abomination
Aim: a small abomination (chance to affect: 45%)
The small abomination resists with some effort.
The small abomination hits you!
* * * LOW HITPOINT WARNING * * *
The small abomination hits you!
You die...

,#......##.##..### ###....... *
#.#.....##### ... ..#........
#.#.........##..#.###....#... *
..........)..#, ∩.#..........
,..###....###).##..©#©........# #
. #...##x##..#$..##........# #. *
#..##..##.##.#(.##........
...####..##.#####.#.. #....##..
,....>.....##5.x@x.# ##,##...##..
............#©.#.#.......#..##...
............#...## ..###.#.......
..#.........##.#### ## ###..####.
..#.##.......###..# ... #..
#....#............., , ,...
...#.###........... , ...
#..#..##.......###, ,, , ..
##...............# , ..


You could see 2 small abominations and an ufetubus.

Vanquished Creatures
  3 gnolls (D:4)
  3 adders
  2 dart slugs (D:1)
  A bat zombie (D:3)
  5 endoplasms
  15 giant cockroaches
  3 goblins
  4 hobgoblins
  14 jackals
  5 kobolds (D:1)
  A ball python (D:2)
  3 bats
  A frilled lizard (D:2)
  3 rat zombies (D:3)
63 creatures vanquished.

Vanquished Creatures (collateral kills)
  A gnoll (D:4)
  A worm (D:2)
  A ball python (D:4)
  A kobold (D:4)
4 creatures vanquished.

Vanquished Creatures (others)
  A kobold (D:4)
1 creature vanquished.

Grand Total: 68 creatures vanquished

Notes
Turn   | Place    | Note
-------+----------+-------------------------------------------
     0 | D:1      | Raftile the Meteoran Artificer began the quest for the Orb.
     0 | D:1      | Reached XP level 1. HP: 16/16 MP: 2/2
     2 | D:1      | Noticed a tengu
     2 | D:1      | Noticed a meteoran
     4 | D:1      | Noticed a naga
     6 | D:1      | Noticed a gargoyle
     6 | D:1      | Noticed an octopode
     8 | D:1      | Noticed a formicid
     8 | D:1      | Noticed a felid
    10 | D:1      | Noticed a human
    10 | D:1      | Noticed a spriggan
    12 | D:1      | Noticed a draconian
    12 | D:1      | Noticed an armataur
    14 | D:1      | Noticed an ogre
    14 | D:1      | Noticed an elf
    16 | D:1      | Noticed a minotaur
    16 | D:1      | Noticed a merfolk
    18 | D:1      | Noticed a ghoul
    18 | D:1      | Noticed a troll
    20 | D:1      | Noticed a vine stalker
    22 | D:1      | Noticed a demonspawn
    24 | D:1      | Noticed a demigod
    24 | D:1      | Noticed a minotaur
    26 | D:1      | Noticed a naga
    26 | D:1      | Noticed a demonspawn
   100 | D:1      | Reached XP level 2. HP: 7/23 MP: 3/3
   102 | D:1      | Reached skill level 4 in Evocations
   134 | D:1      | Reached XP level 3. HP: 28/28 MP: 4/4
   482 | D:1      | Glimpsed the power of Zot.
   531 | D:1      | Reached skill level 5 in Evocations
   531 | D:1      | Reached XP level 4. HP: 35/35 MP: 5/5
   532 | D:1      | Glimpsed the power of Zot.
   587 | D:2      | Reached skill level 1 in Maces & Flails
   936 | D:2      | Reached XP level 5. HP: 29/40 MP: 6/6
  1055 | D:2      | Glimpsed the power of Zot.
  1191 | D:3      | Found an ancient bone altar of Kikubaaqudgha.
  1252 | D:3      | Found a bloodstained altar of Trog.
  1336 | D:4      | Found a blossoming altar of Fedhas.
  1384 | D:4      | Noticed a small abomination
  1388 | D:4      | Found a transporter.
  1389 | D:4      | Found a one-way gate to the infinite horrors of the Abyss.
  1389 | D:4      | Noticed Shavain's ghost (novice HOFi)
  1403 | D:4      | Noticed a small abomination
  1417 | D:4      | Found a transporter.
  1472 | D:4      | Mangled by a small abomination

Illustrated notes

Levels and vault maps discovered:
D:1:      kb_arrival_jail, layout_basic, chequers_serial_rivers_micro_c
D:2:      minmay_roachtagon, layout_basic
D:3:      layout_basic, lemuel_zombie_altar_kikubaaqudgha, bloody_trog,
          serial_rivers, chequers_serial_rivers_large_b,
          chequers_serial_rivers_small_3, chequers_serial_rivers_micro_e,
          chequers_serial_rivers_micro_b, chequers_serial_rivers_marsh,
          amcnicky_mini_corridor_feature, st_stairs_9
D:4:      layout_cave_pools, nicolae_overflow_crystal_walls,
          gammafunk_ghost_abyssal_escape

Skill      XL: |  1  2  3  4  5 |
---------------+----------------+-----
Evocations     | 4 5 |  5.3
Armour         | 3 |  3.2
Maces & Flails | 2 3 |  3.0
Dodging        | 2 |  2.1
Fighting       | |  1.7
Stealth        | |  0.6

Action                     |  1- 3 |  4- 6 || total
---------------------------+-------+-------++-------
  Melee: Club              |    14 |       ||    14
         Mace              |    37 |   119 ||   156
         Punch             |       |     1 ||     1
  Evoke: Wand              |     9 |     8 ||    17
   Stab: Distracted        |       |     1 ||     1
 Armour: Leather armour    |    29 |       ||    29
         Ring mail         |     4 |   161 ||   165
  Dodge: Dodged            |    31 |   111 ||   142
  Block: Buckler           |       |     2 ||     2

Table legend: (Time is in decaauts)
 A = Elapsed time spent in this place.
 B = Non-inter-level travel time spent in this place.
 C = Inter-level travel time spent in this place.
 D = Time resting spent in this place.
 E = Time spent auto-exploring this place.
 F = Levels seen in this place.
 G = Mean time per level.
                   A        B        C        D        E       F      G
               +--------+--------+--------+--------+--------+-----+--------+
         Total |   1529 |   1088 |    441 |      4 |    501 |   4 |  382.2 |
       Dungeon |   1529 |   1088 |    441 |      4 |    501 |   4 |  382.2 |
               +--------+--------+--------+--------+--------+-----+--------+

Top non-repeatable levels by time:
     D:1: 575 daAuts
     D:2: 571 daAuts
     D:3: 243 daAuts
     D:4: 139 daAuts
